AoeStats
← ERIKXG20

Arabia

510012897Analyzed
4v4 RM · 3d ago on Sep 29, 2026· 55m 31s· 8 players
Game mode
Random Map
Map size
Large (8 player)
Population
200
Speed
Normal
Resources
Standard
Victory
Conquest
Starting age
Dark Age
Ending age
Imperial Age
RankedLock teamsTeams togetherTeam positionsShared explorationLock speedFull tech treeHidden civsTurbo modeCheats
Victory
Defeat
🇨🇳 Maya · China
1011
+13
🇨🇱 Khitans · Chile
991
+14
🇦🇷 Lithuanians · Argentina
919
+36
🇦🇷 Georgians · Argentina
869
+18
🇺🇸 Danes · United States
980
-17
🇹🇷 Slavs · Türkiye
945
-16
🇲🇽 Gurjaras · Mexico
929
-15
🇺🇸 Persians · United States
902
-14
TheDukeofWrenches
11:51 Feudal Age
13:13 Wheelbarrow
12:32 Double-Bit Axe
13:28 Horse Collar
14:14 Loom
20:00 Castle Age
23:39 Heavy Plow
26:14 Hand Cart
35:29 Gold Mining
35:29 Stone Mining
36:13 Town Watch
40:08 Imperial Age
37:44 Town Patrol
40:30 Elite Jomsviking
ERIKXG20
1:21 Loom
11:39 Feudal Age
15:19 Double-Bit Axe
22:35 Castle Age
20:42 Horse Collar
24:54 Stone Mining
26:57 Forging
26:58 Husbandry
28:34 Wheelbarrow
29:42 Heavy Plow
29:44 Gold Mining
31:12 Hand Cart
31:56 Iron Casting
32:49 Scale Barding Armor
34:27 Bloodlines
36:58 Imperial Age
38:16 Frontier Guards
38:14 Heavy Camel Rider
41:05 Gold Shaft Mining
41:16 Chain Barding Armor
41:29 Bow Saw
43:27 Caravan
43:31 Town Watch
46:02 Town Patrol
46:37 Treadmill Crane
Bruin878
0:44 Loom
13:18 Feudal Age
15:54 Bloodlines
27:11 Wheelbarrow
27:10 Horse Collar
32:26 Castle Age
33:46 Hand Cart
33:25 Stone Mining
33:33 Double-Bit Axe
33:53 Heavy Plow
33:46 Gold Mining
45:15 Imperial Age
SongForBob
8:18 Loom
11:45 Feudal Age
16:56 Castle Age
16:10 Double-Bit Axe
16:35 Horse Collar
17:05 Scale Barding Armor
18:17 Pikeman
25:49 Heavy Plow
28:08 Wheelbarrow
28:36 Fletching
30:01 Chain Barding Armor
30:57 Bodkin Arrow
31:53 Bow Saw
36:33 Gold Mining
38:36 Gold Shaft Mining
39:10 Hand Cart
42:25 Imperial Age
42:32 Man-at-Arms
42:32 Halberdier
43:13 Squires
43:47 Crop Rotation
44:31 Druzhina
44:52 Conscription
43:54 Long Swordsman
43:55 Halberdier
44:36 Squires
44:44 Two-Handed Swordsman
45:36 Forging
45:26 Scale Mail Armor
46:33 Champion
47:30 Chain Mail Armor
47:52 Iron Casting
48:47 Plate Mail Armor
50:29 Blast Furnace
Z
12:06 Feudal Age
16:20 Scale Barding Armor
16:26 Forging
17:25 Double-Bit Axe
17:23 Domestication
22:37 Castle Age
20:40 Gold Mining
22:39 Stone Mining
24:33 Chain Barding Armor
24:49 Iron Casting
25:02 Scale Mail Armor
26:12 Pastoralism
26:38 Bow Saw
29:37 Chain Mail Armor
30:49 Lamellar Armor
30:49 Squires
30:35 Arson
46:08 Murder Holes
46:50 Wheelbarrow
50:01 Imperial Age
47:47 Hand Cart
50:17 Elite Liao Dao
51:19 Conscription
51:30 Plate Mail Armor
56:43 Stone Shaft Mining
55:54 Town Watch
Maritox241
16:44 Feudal Age
19:04 Horse Collar
23:00 Castle Age
21:41 Scale Barding Armor
21:50 Forging
21:56 Double-Bit Axe
22:06 Gold Mining
22:07 Stone Mining
26:40 Heavy Plow
33:54 Imperial Age
34:07 Imperial Age
38:56 Wheelbarrow
38:06 Loom
38:07 Town Watch
44:04 Light Cavalry
44:05 Cavalier
44:46 Husbandry
44:57 Bloodlines
44:14 Elite Leitis
46:09 Bloodlines
46:39 Chain Barding Armor
53:30 Plate Barding Armor
52:59 Scale Mail Armor
53:41 Iron Casting
53:42 Crop Rotation
GipsyDanger4821
7:56 Loom
13:23 Feudal Age
18:42 Bloodlines
22:20 Castle Age
23:54 Scale Mail Armor
23:59 Scale Barding Armor
24:30 Double-Bit Axe
24:38 Gold Mining
28:17 Horse Collar
30:57 Stone Mining
31:17 Bow Saw
33:08 Heavy Plow
33:51 Stone Shaft Mining
34:04 Chain Barding Armor
33:59 Chain Mail Armor
33:48 Husbandry
35:14 Forging
42:09 Iron Casting
45:14 Wheelbarrow
48:13 Imperial Age
46:51 Light Cavalry
48:40 Elite Monaspa
49:33 Aznauri Cavalry
48:52 Cavalier
52:56 Plate Mail Armor
53:26 Blast Furnace
53:02 Plate Barding Armor
wujiang
0:27 Loom
9:26 Feudal Age
10:39 Double-Bit Axe
15:22 Fletching
24:14 Castle Age
23:47 Horse Collar
23:59 Gold Mining
25:00 Wheelbarrow
24:27 Crossbowman
25:24 Bow Saw
26:36 Bodkin Arrow
26:42 Padded Archer Armor
28:58 Hand Cart
29:01 Leather Archer Armor
31:25 Stone Mining
35:43 Stone Shaft Mining
36:37 Ballistics
39:43 Imperial Age
37:14 Treadmill Crane
37:37 Scale Mail Armor
37:48 Forging
37:43 Squires
39:49 Arbalester
40:35 Thumb Ring
41:18 Eagle Warrior
41:54 Capped Ram
43:00 Conscription
43:23 Bracer
43:56 Ring Archer Armor
44:29 Chemistry
43:18 Siege Ram
43:44 Elite Eagle Warrior
44:10 Arson
45:39 Two-Man Saw
45:17 Iron Casting
44:57 Chain Mail Armor
47:42 Holcans
48:16 Plate Mail Armor
48:47 Blast Furnace
48:01 Masonry
52:37 Pikeman
54:54 Hul'che Javelineers
54:28 Halberdier
Connection lost

Rejoining the realm…

Still unreachable

The connection could not be restored.

Session expired

The server has moved on; the page needs a fresh start.